 Dungeon Crawl Stone Soup version 0.21-a0-404-g291f19a (webtiles) character file.

210 KristoblXynda the Ducker (level 5, 0/27 HPs)
             Began as a Spriggan Berserker on Oct 31, 2017.
             Was a Believer of Trog.
             Slain by a gnoll
             ... wielding a +0 club
              (5 damage)
             ... on level 3 of the Dungeon.
             The game lasted 00:05:22 (3591 turns).

KristoblXynda the Ducker (Spriggan Berserker)       Turns: 3591, Time: 00:05:23

Health: 0/27       AC:  3    Str: 13    XL:     5   Next: 56%
Magic:  6/6        EV: 21    Int:  9    God:    Trog [**....]
Gold:   248        SH:  0    Dex: 16    Spells: 4/4 levels left

rFire    . . .     SeeInvis +   a - +0 falchion
rCold    . . .     Gourm    .   (shield restricted)
rNeg     . . .     Faith    .   b - +0 animal skin
rPois    .         Spirit   .   (helmet restricted)
rElec    .         Reflect  .   h - +0 cloak
rCorr    .         Harm     .   (gloves unavailable)
MR       .....                  (boots unavailable)
Stlth    ++++......             (no amulet)
HPRegen  0.09/turn              r - ring of stealth
MPRegen  0.10/turn              (no ring)

@: very quick
A: unfitting armour, see invisible, herbivore 3, speed 3, slow metabolism 2
a: Berserk, Trog's Hand, Burn Spellbooks, Renounce Religion


You were on level 3 of the Dungeon.
You worshipped Trog.
Trog was pleased with you.
You were not hungry.

You visited 1 branch of the dungeon, and saw 3 of its levels.

You collected 248 gold pieces.

Inventory:

Hand Weapons
 a - a +0 falchion (weapon)
Armour
 b - a +0 animal skin (worn)
 h - a +0 cloak (worn)
Jewellery
 r - a ring of stealth (left hand)
Wands
 n - a wand of acid (1/15)
Scrolls
 e - 2 scrolls of remove curse {unknown}
 f - a scroll of enchant armour {unknown}
 i - 2 scrolls of amnesia {unknown}
 k - 2 scrolls of identify {unknown}
 p - 3 scrolls of teleportation {unknown}
 q - a scroll of random uselessness {unknown}
Potions
 d - 2 potions of haste {unknown}
 g - 2 potions of lignification {unknown}
 j - 2 potions of degeneration {unknown}
 l - a potion of flight {unknown}
 m - 2 potions of curing {unknown}
 o - a potion of heal wounds {unknown}
Comestibles
 c - 2 bread rations


   Skills:
 - Level 2.4 Fighting
 * Level 4.1 Long Blades
 + Level 5.9 Dodging
 + Level 4.0 Stealth


You had 4 spell levels left.
You didn't know any spells.

Dungeon Overview and Level Annotations

Branches:
Dungeon (3/15)

Altars:
Dithmenos
Makhleb
Xom


Innate Abilities, Weirdness & Mutations

You are very small and have problems with some larger weapons.
You are too small for most types of armour.
You have supernaturally acute eyesight. (SInv)
You are a herbivore.
You cover ground extremely quickly.
You need consume almost no food.


Message History

The gnoll closely misses you. The gnoll barely misses you.
You barely miss the gnoll.
The gnoll is heavily wounded.
The gnoll barely misses you. The gnoll completely misses you.
You riposte.
You closely miss the gnoll.
The gnoll is heavily wounded.
You hit the gnoll.
The gnoll is almost dead.
The gnoll hits you from afar with a spear!
The gnoll completely misses you.
You riposte.
You barely miss the gnoll.
The gnoll is almost dead.
You closely miss the gnoll.
The gnoll is almost dead.
The gnoll hits you from afar with a spear.
The gnoll hits you with a club.
* * * LOW HITPOINT WARNING * * *
You hit the gnoll but do no damage.
The gnoll is almost dead.
The gnoll misses you. The gnoll hits you with a club.
You die...

### .# #.# #.# #.# #.# #.#
#.####.#g# #.#.##.#g#
#####.#.##.#g#######
####.†........#@#...... ...
#.................##.#.##.###
##.##.###....................#
.....................>#.##.#.#
#...................#.#.##.#.# #
#...#.###....#........#.##.#.# #
.............#..........##.#.# #
#...#.###..........##.#......####
.............#...................


You could see 3 gnolls.

Vanquished Creatures
  The ghost of zodiak12 the Skirmisher, a weakling DrFi (D:3)
  A hound (D:3)
  An orc wizard (D:2)
  5 adders (D:2)
  3 worms
  A leopard gecko (D:2)
  5 orcs
  A giant cockroach (D:2)
  4 goblins
  10 hobgoblins
  2 kobolds
  3 quokkas (D:3)
  6 bats
  A frilled lizard (D:3)
  A jackal skeleton (D:2)
  3 rats (D:2)
48 creatures vanquished.

Notes
Turn   | Place    | Note
-------+----------+-------------------------------------------
     0 | D:1      | KristoblXynda the Spriggan Berserker began the quest for the Orb.
     0 | D:1      | Reached XP level 1. HP: 11/11 MP: 2/2
   558 | D:2      | Reached skill level 1 in Stealth
   565 | D:2      | Reached XP level 2. HP: 15/16 MP: 3/3
  1206 | D:2      | Reached XP level 3. HP: 17/19 MP: 4/4
  1336 | D:2      | Found a shimmering altar of Xom.
  1398 | D:2      | Reached skill level 5 in Dodging
  1991 | D:2      | Found a shadowy altar of Dithmenos.
  2165 | D:2      | Reached XP level 4. HP: 22/23 MP: 5/5
  2216 | D:2      | Reached ** piety under Trog
  2618 | D:3      | Noticed zodiak12's ghost (weakling DrFi)
  2633 | D:3      | Killed zodiak12's ghost
  2633 | D:3      | Reached XP level 5. HP: 27/27 MP: 6/6
  2835 | D:3      | Found a burning altar of Makhleb.
  3591 | D:3      | Slain by a gnoll

Vault maps used:
D:1:      minmay_arrival_glassed_features
D:2:      xom_butterflies, nicolae_dithmenos_shadow_blocks,
          corexii_item_surrounded_by_moat, kennysheep_generic_room_4
D:3:      first_bread, makhleb_heckhound_becter

Skill      XL: |  1  2  3  4  5 |
---------------+----------------+-----
Stealth        | 1 2 3 4 |  4.0
Long Blades    | 3 4 |  4.1
Dodging        | 5 |  5.9
Fighting       | |  2.4

Action                   |  1- 3 |  4- 6 || total
-------------------------+-------+-------++-------
Melee: Falchion          |   115 |    96 ||   211
Invok: Berserk           |     1 |     2 ||     3
 Stab: Sleeping          |     7 |     5 ||    12
  Eat: Fruit             |       |     1 ||     1
       Bread ration      |       |     1 ||     1
Armor: Animal skin       |     5 |     8 ||    13
Dodge: Dodged            |   101 |    99 ||   200
       Rpst.: Falchion   |    35 |    31 ||    66

Table legend:
 A = Spawn XP
 B = Non-spawn XP
 C = Spawn XP percentage of total XP
 D = Spawn monster count
 E = Non-spawn monster count
 F = Spawn count percentage of total count
 G = Total turns spent on level
                    A         B        C        D         E        F      G
               +---------+---------+-------+---------+---------+-------+---------
         Total |       0 |     300 |   0.0 |       0 |      48 |   0.0 |  3591
               +---------+---------+-------+---------+---------+-------+---------
           D:1 |       0 |       6 |   0.0 |       0 |       4 |   0.0 |   537
           D:2 |       0 |     153 |   0.0 |       0 |      27 |   0.0 |  1968
           D:3 |       0 |     141 |   0.0 |       0 |      17 |   0.0 |  1086
               +---------+---------+-------+---------+---------+-------+---------
